 Dungeon Crawl Stone Soup version 0.31-a0-1008-g5b978dac0e (webtiles) character file.

Game seed: 17854465495629073811

16803 MacCMillion the Destroyer (level 12, -2/87 HPs)
             Began as an Octopode Conjurer on Nov 13, 2023.
             Was an Initiate of Gozag.
             Slain by a polar bear (4 damage)
             ... on level 1 of the Lair of Beasts.
             The game lasted 00:48:56 (22256 turns).

MacCMillion the Destroyer (Octopode Conjurer)      Turns: 22256, Time: 00:48:56

Health: -2/87      AC:  2    Str:  5    XL:     12   Next: 41%
Magic:  24/31      EV: 21    Int: 36    God:    Gozag
Gold:   2355       SH:  5    Dex: 20    Spells: 9/25 levels left

rFire   . . .        d - +2 dagger (drain)
rCold   . . .        (no shield)
rNeg    . . .        e - +1 hat
rPois   .            B - amulet of reflection
rElec   .            j - ring of Bymout {+Blink Str-2 Dex+3 Slay+4}
rCorr   .            w - +6 ring of intelligence
SInv    .            y - +6 ring of dexterity
Will    +....        H - ring of willpower
Stlth   +++++        F - +6 ring of intelligence
HPRegen 0.34/turn    P - ring of magical power
MPRegen 0.22/turn    (no ring)
                     (no ring)

%: reflection
@: slowed, studying Dodging, very slow
A: almost no armour, amphibious, 8 rings, camouflage 1, gelatinous body 1,
nimble swimmer 1, tentacles
a: Renounce Religion, Evoke Blink, Potion Petition, Call Merchant, Bribe Branch


You were on level 1 of the Lair of Beasts.
You worshipped Gozag.
Gozag was most pleased with you.
You visited 2 branches of the dungeon, and saw 13 of its levels.
You also visited: Ossuary.

You collected 2822 gold pieces.
You spent 432 gold pieces at shops.
You paid 35 gold pieces to Gozag.

Inventory:

Hand Weapons
 d - a +2 dagger of draining (weapon)
Missiles
 G - 3 throwing nets
Armour
 e - a +1 hat (worn)
Magical Staves
 k - a staff of death
Jewellery
 j - the ring of Bymout (left tentacle) {+Blink Str-2 Dex+3 Slay+4}
   (You found it on level 5 of the Dungeon)

   [ring of slaying]

   Str-2:     It affects your strength (-2).
   Dex+3:     It affects your dexterity (+3).
   Slay+4:    It affects your accuracy & damage with ranged weapons and melee
   (+4).
   +Blink:    It lets you blink.
 p - an amulet of regeneration
 s - an amulet of guardian spirit
 w - a +6 ring of intelligence (right tentacle)
 y - a +6 ring of dexterity (on tentacle)
 B - an amulet of reflection (around mantle)
 F - a +6 ring of intelligence (on tentacle)
 H - a ring of willpower (on tentacle)
 P - a ring of magical power (on tentacle)
Wands
 I - a wand of iceblast (11)
 J - a wand of charming (3)
 Q - a wand of mindburst (3)
Scrolls
 c - 3 scrolls of brand weapon
 f - 3 scrolls of teleportation
 g - 2 scrolls of blinking
 l - 6 scrolls of noise
 m - a scroll of fog {unknown}
 o - 5 scrolls of enchant weapon {unknown}
 q - 2 scrolls of amnesia {unknown}
 t - 2 scrolls of acquirement {unknown}
 u - 2 scrolls of poison
 v - 2 scrolls of immolation {unknown}
 C - a scroll of vulnerability {unknown}
 E - a scroll of fear {unknown}
 M - a scroll of identify
 O - a scroll of torment {unknown}
Potions
 a - 6 potions of magic
 b - a potion of enlightenment
 h - 2 potions of lignification
 i - 3 potions of brilliance
 n - 2 potions of curing
 r - 3 potions of invisibility
 x - 3 potions of heal wounds
 z - 2 potions of attraction {unknown}
 A - a potion of ambrosia {unknown}
 D - a potion of resistance {unknown}
 K - a potion of mutation {unknown}
 L - a potion of might {unknown}
 N - a potion of berserk rage {unknown}


   Skills:
 - Level 10.0 Fighting
 + Level 11.1 Dodging
 - Level 4.0 Stealth
 + Level 7.3 Spellcasting
 - Level 12.0 Conjurations
 - Level 5.0 Hexes
 + Level 3.3 Fire Magic
 + Level 3.3 Air Magic


You had 9 spell levels left.
You knew the following spells:

 Your Spells              Type           Power      Damage    Failure   Level
a - Magic Dart            Conj           100%       1d8       1%          1
b - Searing Ray           Conj           100%       2d8       1%          2
c - Fulminant Prism       Conj/Hex       32%        3d15      1%          4
d - Swiftness             Air            37%        N/A       2%          3
e - Plasma Beam           Fire/Air       18%        2x1d30    77%         6

Your spell library contained the following spells:

 Spells                   Type           Power      Damage    Failure   Level
 Foxfire                  Conj/Fire      100%       2x1d9     1%          1
 Slow                     Hex            100%       N/A       1%          1
 Ensorcelled Hibernation  Hex/Ice        62%        N/A       1%          2
 Jinxbite                 Hex            98%        N/A       1%          2
 Confusing Touch          Hex            49%        N/A       1%          3
 Dazzling Flash           Conj/Hex       100%       N/A       1%          3
 Sigil of Binding         Hex            49%        N/A       1%          3
 Poisonous Vapours        Pois/Air       50%        N/A       2%          2
 Iskenderun's Mystic Bla  Conj/Tloc      54%        2d12      2%          4
 Apportation              Tloc           26%        N/A       3%          1
 Sting                    Tmut/Pois      52%        1d5       3%          1
 Summon Small Mammal      Summ           52%        N/A       3%          1
 Summon Guardian Golem    Hex/Summ       31%        N/A       3%          3
 Passwall                 Tmut/Erth      10%        N/A       4%          2
 Call Canine Familiar     Summ           13%        N/A       10%         3
 Frozen Ramparts          Ice            26%        1d4       10%         3
 Vampiric Draining        Necr           13%        2d6       10%         3
 Anguish                  Hex/Necr       15%        N/A       11%         4
 Starburst                Conj/Fire      31%        6d9       21%         6
 Olgreb's Toxic Radiance  Pois           13%        N/A       30%         4
 Petrify                  Tmut/Erth      13%        N/A       30%         4
 Metabolic Englaciation   Hex/Ice        15%        N/A       30%         5
 Alistair's Intoxication  Tmut/Pois      8%         N/A       65%         5


Dungeon Overview and Level Annotations

Branches:
Dungeon (11/15)            Temple (0/1) D:6            Lair (2/5) D:10
Ossuary (visited)
  Swamp: Lair:2-3    Shoals: Lair:2-3     Snake: Lair:2-3    Spider: Lair:2-3
    Orc: D:9-12

Altars:
Fedhas
Gozag
Hepliaklqana
Ru
Uskayaw
Vehumet
Yredelemnul
Zin
The Shining One

Shops:
D:3 *   D:9 *   D:10 =

Annotations:
D:2 Sigmund
D:4 2 runed translucent doors, topfpfpflanze's ghost, amateur FeCj
D:6 exclusion: cyclops
Lair:1 2 transporters, stendehmen's ghost, journeyman TrSh


Innate Abilities, Weirdness & Mutations

You cannot wear most types of armour.
You are amphibious.
You can wear up to eight rings at the same time.
Your skin changes colour to match your surroundings (Stealth+).
Your rubbery body absorbs attacks. (AC +1, EV +1)
You are camouflaged when in or above water. (Stealth+)
You have tentacles for arms and can constrict up to eight enemies at once.


Message History

The polar bear bites your fulminant prism!
The polar bear claws your fulminant prism but does no damage.
The polar bear claws your fulminant prism.
The torpor snail bites you! You block the yak's attack.
The polar bear bites your fulminant prism!
Your fulminant prism detonates feebly.
The torpor snail attacks as it pursues you!
You block the torpor snail's attack. The yak attacks as it pursues you!
The yak gores you!
Casting: Fulminant Prism (mildly dangerous; 1% risk of failure)
Confirm with . or Enter, or press ? or * to list all spells.
Aiming: Fulminant Prism (mildly dangerous; 1% risk of failure)
Press: ? - help, Dir - move target You conjure a prism of explosive energy!
A fulminant prism comes into view.
The yak gores you!
* * * LOW HITPOINT WARNING * * *
The torpor snail closely misses you. You block the yak's attack.
You enter the shallow water.
The polar bear attacks as it pursues you!
The polar bear bites you.
* * * LOW HITPOINT WARNING * * *
You block the polar bear's attack. The polar bear claws you.
* * * LOW HITPOINT WARNING * * *
Your fulminant prism crackles loudly.
The polar bear barely misses you. The polar bear misses you.
The polar bear barely misses you. The torpor snail misses you.
Your fulminant prism explodes!
The blast of energy engulfs the torpor snail.
The torpor snail is lightly wounded.
The blast of energy engulfs the polar bear!
The polar bear is moderately wounded.
The blast of energy engulfs the yak!!
The yak is severely wounded.
The polar bear attacks as it pursues you!
The polar bear bites you!
* * * LOW HITPOINT WARNING * * *
The polar bear claws you.
You die...
Your body crumbles into a pile of gold.

....####.#..~~~~~~~.######..#####
.......#...~~≈~≈≈≈~~.# ##..##...
.........#.~≈≈~~~≈≈~.# ##P...##..
..........~~≈≈~..≈≈~.###.........
..........~~≈~.<.~≈~~##....##....
...........~~~~~~≈~≈.....#####...
...........~~≈≈≈≈≈≈~...#.#.# ##..
...........~≈≈≈≈~≈~~.#)....## ##.
............~~~≈@~~.........## ##
...............~h............####
...........####Y.w..........[..#
............###................##
..........#.##..........>.......#
........######..>................
.......## #...................
....##.# ##..................
####.#.# #..................


You could see a torpor snail, a polar bear and a yak.

Vanquished Creatures
  4 two-headed ogres
  An ugly thing (D:11)
  A cyclops (D:11)
  Joseph (D:8)
  3 komodo dragons
  An unseen horror (D:11)
  Maggie (D:7)
  2 cane toads (Lair:1)
  A rime drake (Lair:1)
  6 trolls
  A blink frog (Lair:1)
  A hornet (D:11)
  3 shadows (D:9)
  A wraith (D:11)
  5 wyverns
  15 yaks
  Grum (D:8)
  3 steam dragons
  An acid dragon (D:10)
  9 water moccasins
  3 orc warriors
  3 sky beasts
  A black bear (Lair:1)
  An ice beast (D:5)
  2 ogres
  2 wolves (D:8)
  8 centaurs
  A phantom (D:5)
  2 elf zombies (Ossuary)
  A gnoll sergeant (D:8)
  A kobold brigand (D:6)
  6 bullfrogs
  A two-headed ogre simulacrum (D:11)
  4 scorpions
  6 killer bees (D:10)
  3 howler monkeys
  2 hounds
  2 human zombies (Ossuary)
  5 orc priests
  3 jellies
  3 sleepcaps
  4 iguanas
  14 orc wizards
  A troll simulacrum (D:11)
  6 hell rats (Lair:1)
  2 spriggan simulacra (D:11)
  2 mummies (Ossuary)
  13 gnolls
  8 adders
  A naga simulacrum (D:11)
  2 white imps
  2 ufetubi (D:7)
  3 adder zombies (Ossuary)
  A dart slug (D:3)
  20 orcs
  6 endoplasms
  A giant cockroach (D:2)
  10 goblins
  12 hobgoblins
  2 jackals (D:5)
  13 kobolds
  6 quokkas
  8 ball pythons
  7 bats
  6 frilled lizards
  10 hobgoblin zombies (Ossuary)
  A jackal zombie (Ossuary)
  12 kobold zombies (Ossuary)
  6 orc zombies (Ossuary)
  3 rats
  A rat zombie (Ossuary)
304 creatures vanquished.

Vanquished Creatures (others)
  174 fulminant prisms
174 creatures vanquished.

Grand Total: 478 creatures vanquished

Notes
Turn   | Place    | Note
-------+----------+-------------------------------------------
     0 | D:1      | MacCMillion the Octopode Conjurer began the quest for the
                  | Orb.
     0 | D:1      | Reached XP level 1. HP: 11/11 MP: 3/3
   227 | D:1      | Reached XP level 2. HP: 17/17 MP: 3/5
  1062 | D:2      | Reached XP level 3. HP: 21/21 MP: 0/6
  1116 | D:2      | Learned a level 2 spell: Searing Ray
  1417 | D:2      | Reached XP level 4. HP: 27/27 MP: 4/8
  1536 | D:2      | Noticed Sigmund
  2315 | D:3      | Found Gozag's Platinum Reserve.
  2319 | D:3      | Found an opulent altar of Gozag.
  2331 | D:3      | Became a worshipper of Gozag Ym Sagoz the Greedy
  3262 | D:4      | Learned a level 4 spell: Fulminant Prism
  3298 | D:4      | Reached skill level 5 in Conjurations
  3340 | D:4      | Reached XP level 5. HP: 31/31 MP: 5/9
  3493 | D:4      | Reached skill level 6 in Conjurations
  3683 | D:4      | Reached XP level 6. HP: 36/36 MP: 5/10
  4091 | D:4      | Found a large runed translucent door.
  4091 | D:4      | Found a large runed translucent door.
  4094 | D:4      | Noticed topfpfpflanze's ghost (amateur FeCj)
  4146 | D:4      | Reached skill level 7 in Conjurations
  4449 | D:4      | Reached XP level 7. HP: 41/41 MP: 6/11
  5182 | D:4      | Reached skill level 1 in Hexes
  5384 | D:5      | Entered Level 5 of the Dungeon
  5389 | D:5      | Reached skill level 8 in Conjurations
  5776 | D:5      | Identified the ring of Bymout {+Blink Str-2 Dex+3 Slay+4}
  5986 | D:5      | Reached XP level 8. HP: 46/46 MP: 6/12
  6799 | D:6      | Reached skill level 9 in Conjurations
  7013 | D:6      | Noticed a cyclops
  7405 | D:6      | Reached skill level 10 in Conjurations
  7707 | D:6      | Reached XP level 9. HP: 51/51 MP: 1/13
  7951 | D:6      | Found a staircase to the Ecumenical Temple.
  7982 | D:6      | Reached skill level 11 in Conjurations
  8663 | D:7      | Found a sand-covered staircase.
  8721 | Ossuary  | Entered an ossuary
 10296 | D:7      | Noticed Maggie
 10305 | D:7      | Killed Maggie
 10306 | D:7      | Reached skill level 5 in Spellcasting
 10935 | D:8      | Reached skill level 12 in Conjurations
 11099 | D:8      | Noticed Joseph
 11368 | D:8      | Found a radiant altar of Vehumet.
 11386 | D:8      | Killed Joseph
 11387 | D:8      | Reached skill level 5 in Hexes
 11387 | D:8      | Reached XP level 10. HP: 52/57 MP: 7/19
 11437 | D:8      | Reached skill level 1 in Fighting
 11571 | D:8      | Noticed Grum
 11927 | D:8      | Killed Grum
 12826 | D:8      | Found a radiant altar of Vehumet.
 13514 | D:9      | Reached skill level 5 in Dodging
 14795 | D:9      | Reached skill level 5 in Fighting
 14851 | D:9      | Noticed a two-headed ogre
 15028 | D:9      | Killed a two-headed ogre
 15029 | D:9      | Reached XP level 11. HP: 72/72 MP: 9/20
 15136 | D:9      | Found a sacrificial altar of Ru.
 15139 | D:9      | Found a blossoming altar of Fedhas.
 15139 | D:9      | Found a basalt altar of Yredelemnul.
 15140 | D:9      | Found a glowing silver altar of Zin.
 15140 | D:9      | Found a hide-covered altar of Uskayaw.
 15140 | D:9      | Found a glowing golden altar of the Shining One.
 15141 | D:9      | Found a hazy altar of Hepliaklqana.
 15850 | D:9      | Found Quugh's Serpentskin Sales.
 16026 | D:10     | Entered Level 10 of the Dungeon
 16103 | D:10     | Noticed a two-headed ogre
 16298 | D:10     | Killed a two-headed ogre
 16719 | D:10     | Found Patuczyts's Jewellery Shoppe.
 17050 | D:10     | Found a staircase to the Lair.
 17066 | D:10     | Reached skill level 10 in Dodging
 17390 | D:10     | Noticed a two-headed ogre
 17397 | D:10     | Killed a two-headed ogre
 17485 | D:10     | Bought a +6 ring of intelligence for 432 gold pieces
 17742 | D:11     | Identified the +7 hand axe of Kulazat {drain, Str+4}
 17830 | D:11     | Noticed a two-headed ogre
 17847 | D:11     | Killed a two-headed ogre
 17853 | D:11     | Noticed a white ugly thing
 17859 | D:11     | Killed a white ugly thing
 18080 | D:11     | Found a frozen archway.
 18098 | D:11     | Noticed a cyclops
 18222 | D:11     | Killed a cyclops
 18699 | D:11     | Reached skill level 10 in Fighting
 19084 | D:11     | Learned a level 3 spell: Swiftness
 19091 | D:11     | Learned a level 6 spell: Plasma Beam
 19838 | Lair:1   | Entered Level 1 of the Lair of Beasts
 19871 | Lair:1   | Found a transporter.
 19878 | Lair:1   | Found a transporter.
 19878 | Lair:1   | Noticed a seven-headed hydra
 19883 | Lair:1   | Noticed a six-headed hydra
 19884 | Lair:1   | Noticed stendehmen's ghost (journeyman TrSh)
 20095 | Lair:1   | Reached skill level 1 in Fire Magic
 20095 | Lair:1   | Reached skill level 1 in Air Magic
 20095 | Lair:1   | Reached XP level 12. HP: 87/87 MP: 8/21
 22256 | Lair:1   | HP: 2/87 [polar bear (12)]
 22256 | Lair:1   | Slain by a polar bear

Illustrated notes

Levels and vault maps discovered:
D:1:      lemuel_arrival_muddy, layout_basic, kennysheep_pointless_box,
          minmay_misc_feat_tiny
D:2:      layout_loops_ring, serial_forest, infiniplex_forest_lined_room_3,
          infiniplex_forest_pool, infiniplex_forest_lined_3,
          infiniplex_forest_clump_double, infiniplex_forest_lined_corner,
          infiniplex_forest_clump_long, infiniplex_forest_3_way, uniq_sigmund
D:3:      layout_loops_ring, nicolae_gozag_zags_fifth_avenue,
          kennysheep_minor_cross
D:4:      layout_loops_ring, ebering_ghost_disaster_area,
          minmay_misc_feat_cross, st_stairs_14
D:5:      layout_basic
D:6:      layout_basic, minmay_temple_entry_stoned_glass, grunt_decor_resistance
D:7:      layout_rooms, enter_bailey_4, mainiacjoe_ossuary_entry_dusty_tomb,
          uniq_maggie
D:8:      layout_gridville, mainiacjoe_overflow_boulevard, uniq_joseph,
          uniq_grum
D:9:      minmay_flawed_box, layout_long_grid, grunt_temple_overflow_open,
          serial_bayou_pond_c, guppyfry_shop_venom
D:10:     layout_loops_ring, david_lair_shrubbed, nicolae_inconvenience_store
D:11:     layout_gridville, portal_ice_cave_entry_ice_simulacra,
          minmay_starry_boxes
Lair:1:   layout_cave_pods, nzn_ghost_randoct, grunt_megastairs_2,
          infiniplex_staircase_pool_2, lemuel_fruit_tree
Lair:2:   regret_index_wax_grids, layout_hall_layers, dreamdust_gnoll_shepherd,
          grunt_megastairs_5, uniq_fannar

Skill      XL: |  1  2  3  4  5  6  7  8  9 10 11 12 |
---------------+-------------------------------------+-----
Stealth        | 3 4 |  4.0
Spellcasting   | 3 6 7 |  7.3
Conjurations   | 5 6 7 8 10 12 | 12.0
Hexes          | 4 5 |  5.0
Fighting       | 5 10 | 10.0
Dodging        | 8 10 11 | 11.1
Fire Magic     | 1 3 |  3.3
Air Magic      | 1 3 |  3.3

Action                     |  1- 3 |  4- 6 |  7- 9 | 10-12 || total
---------------------------+-------+-------+-------+-------++-------
  Melee: Dagger            |     4 |     2 |    13 |    16 ||    35
         Constrict         |     1 |       |     2 |     2 ||     5
         Tentacles         |       |       |     3 |     3 ||     6
   Cast: Magic Dart        |    50 |    64 |   120 |    69 ||   303
         Searing Ray       |     1 |    30 |    52 |    31 ||   114
         Fulminant Prism   |       |       |    28 |   148 ||   176
    Use: Scroll            |       |     4 |     4 |     2 ||    10
         Potion            |       |     1 |       |       ||     1
   Stab: Sleeping          |     1 |     1 |     1 |       ||     3
 Armour: Skin              |     1 |    31 |    43 |    62 ||   137
  Dodge: Dodged            |     6 |    10 |    51 |   100 ||   167
  Block: Other             |       |       |     2 |    24 ||    26
         Reflection        |       |       |     1 |     4 ||     5

Table legend: (Time is in decaauts)
 A = Elapsed time spent in this place.
 B = Non-inter-level travel time spent in this place.
 C = Inter-level travel time spent in this place.
 D = Time resting spent in this place.
 E = Time spent auto-exploring this place.
 F = Levels seen in this place.
 G = Mean time per level.
                   A        B        C        D        E       F      G
               +--------+--------+--------+--------+--------+-----+--------+
         Total |  22276 |  21567 |    709 |   6207 |  11776 |  14 | 1591.1 |
       Dungeon |  19102 |  18447 |    655 |   5261 |  10409 |  11 | 1736.5 |
          Lair |   1884 |   1830 |     54 |    588 |    824 |   2 |  942.0 |
       Ossuary |   1290 |   1290 |      0 |    358 |    543 |   1 | 1290.0 |
               +--------+--------+--------+--------+--------+-----+--------+

Top non-repeatable levels by time:
     D:8: 2704 daAuts
     D:9: 2358 daAuts
    D:10: 2333 daAuts
    D:11: 2026 daAuts
  Lair:1: 1872 daAuts
     D:4: 1717 daAuts
     D:3: 1631 daAuts
     D:2: 1554 daAuts
     D:6: 1543 daAuts
 Ossuary: 1290 daAuts
     D:7: 1259 daAuts
     D:5: 1210 daAuts
     D:1: 762 daAuts
  Lair:2: 11 daAuts
